Unix NetHack Version 5.0.0-0 post-release - last build Jul 19 2026 19:10:59 (3aa4ab31751d3886436d94b585a96704892fd477,branch:main).

Game began 2026-07-19 20:43:56, ended 2026-07-19 20:56:41.

Calendula, neutral female human Wizard

                            ----------------
        -----------        #-....@.........|
        |........>-#       #|..fS.S........|
        |.........|#       #|..............|
        -.-----.---#       #|..............Z
         #     #   #       #----------------
         #     #   #       #
         #     #   #       #
         #     #  ##       ##
         #  ####  #---------#
       --.--.-    #........|#
       |.....|     |......<|#
       |.%...|     |.......-#
       |.....|     |.(.....|
       |.....|     ----.----
       |.....|
       |.^...|
       -------

Calendula the Conjurer    St:5 Dx:14 Co:16 In:18 Wi:9 Ch:11  Neutral
Dlvl:2  $:14 HP:0(29) Pw:10(27) AC:9  Xp:3 T:794 

Latest messages:
 An endless stream of snakes pours forth!
 The kitten misses the water moccasin.
 In what direction? 6
 The spell hits the water moccasin!
 You kill the water moccasin!
 Welcome to experience level 3.
 The water moccasin bites!
 The water moccasin bites!
 The water moccasin's bite was poisoned!
 The kitten misses the water moccasin.
 The water moccasin bites!
 In what direction? 3
 The spell misses the water moccasin.
 The water moccasin bites!
 The water moccasin bites!
 The water moccasin's bite was poisoned!
 You feel weaker!
 The kitten misses the water moccasin.
 The kitten misses the water moccasin.
 Drink from the fountain? [yn] (n) n
 What do you want to drink? [fghx or ?*] g
 You feel better.
 The water moccasin bites!
 The water moccasin bites!
 The kitten misses the water moccasin.
 In what direction? 3
 The spell misses the water moccasin.
 The water moccasin bites!
 The water moccasin bites!
 The kitten misses the water moccasin.
 The kitten misses the water moccasin.
 You hit the water moccasin.
 The water moccasin bites!
 The water moccasin bites!
 The kitten misses the water moccasin.
 What do you want to zap? [cs or ?*] c
 In what direction? .
 You are suddenly moving much faster.
 The water moccasin bites!
 The water moccasin bites!
 The kitten misses the water moccasin.
 The kitten misses the water moccasin.
 You miss the water moccasin.
 The water moccasin bites!
 The water moccasin bites!
 You die...
 Do you want your possessions identified? [ynq] (y) y
 Do you want to see your attributes? [ynq] (y) y
 Do you want an account of creatures vanquished? [ynaq] (y) y
 Do you want to see your conduct and achievements? [ynq] (y) q

Inventory:
 Coins    ('$')
  $ - 14 gold pieces
 Weapons  (')')
  a - a blessed +1 quarterstaff (weapon in hands)
 Armor    ('[')
  b - a cursed +0 cloak of magic resistance (being worn)
 Comestibles  ('%')
  u - 2 uncursed food rations
 Scrolls  ('?')
  j - an uncursed scroll of blank paper
  k - an uncursed scroll of gold detection
  i - an uncursed scroll of identify
 Spellbooks  ('+')
  o - an uncursed spellbook of fireball
  l - a blessed spellbook of force bolt
  m - an uncursed spellbook of magic missile
 Potions  ('!')
  f - an uncursed potion of levitation
  h - an uncursed potion of paralysis
  x - an uncursed potion of water
 Rings    ('=')
  e - an uncursed +2 ring of increase accuracy (on left hand)
  t - an uncursed ring of levitation
  p - an uncursed ring of poison resistance
  d - a cursed ring of protection from shape changers (on right hand)
 Wands    ('/')
  s - a wand of locking (0:3)
  c - a wand of speed monster (0:3)
 Tools    ('(')
  v - a blessed magic lamp
  y - an uncursed magic lamp
  n - a magic marker (0:22)
  w - a cursed tallow candle
  z - a cursed tin whistle
 Gems/Stones  ('*')
  r - an uncursed worthless piece of white glass

Calendula the Wizard's attributes:

Background:
 You were a Conjurer, a level 3 female human Wizard.
 You were neutral, on a mission for Thoth
 who was opposed by Ptah (lawful) and Anhur (chaotic).
 You were right-handed.
 You were in the Dungeons of Doom, on level 2.
 You entered the dungeon 794 turns ago.
 You had 47 experience points, 33 more were needed to attain level 4.

Basics:
 You had 0 out of 29 hit points.
 You had 10 out of 27 energy points (spell power).
 Your armor class was 9.
 Your wallet contained 14 zorkmids.
 Autopickup was off.

Final Characteristics:
 Your strength was 5 (peak:8, limit:18/100).
 Your dexterity was 14 (limit:18).
 Your constitution was 16 (limit:18).
 Your intelligence was 18 (limit:18).
 Your wisdom was 9 (limit:18).
 Your charisma was 11 (limit:18).

Final Status:
 You weren't hungry.
 You were unencumbered.
 You were wielding a quarterstaff.
 You had basic skill with quarterstaff.

Final Attributes:
 You were stridently aligned.
 You were magic-protected.
 You had a small bonus to hit (+2).
 You were warded.
 You were protected from shape changers.
 You were very fast.
 You were unlucky.
 Thoth was angry with you.
 You are dead.

Miscellaneous:
 You didn't encounter any bones levels.
 Total elapsed playing time was 12 minutes and 45 seconds.

Major events:
 Turn
    1: Calendula the neutral female human Wizard entered the dungeon
  788: attained the rank of Conjurer (level 3)
  794: killed by a water moccasin

Spells:
 Name                 Level Category     Fail Retention
 force bolt             1   attack         0%  91%-100%
 magic missile          2   attack         0%  91%-100%

Skills:
 Fighting Skills
   bare handed combat [Unskilled]
   riding             [Unskilled]
 Weapon Skills
   dagger             [Unskilled]
   knife              [Unskilled]
   axe                [Unskilled]
   short sword        [Unskilled]
   club               [Unskilled]
   mace               [Unskilled]
   quarterstaff       [Basic]
   polearms           [Unskilled]
   spear              [Unskilled]
   trident            [Unskilled]
   sling              [Unskilled]
   dart               [Unskilled]
   shuriken           [Unskilled]
 Spellcasting Skills
   attack spells      [Basic]
   healing spells     [Unskilled]
   divination spells  [Unskilled]
   enchantment spells [Basic]
   clerical spells    [Unskilled]
   escape spells      [Unskilled]
   matter spells      [Unskilled]

Voluntary challenges:
 Character rerolling was not enabled.
 You were illiterate.
 You never genocided any monsters.
 You never polymorphed an object.
 You never changed form.
 You used no wishes.
Achievement:
 You attained the rank of Conjurer.

 The Dungeons of Doom: levels 1 to 2
    Level 1:
    Level 2: <- You were here.
       A fountain.
       Final resting place for
          you, killed by a water moccasin.


Vanquished creatures:
  a water moccasin
  a coyote
  2 jackals
  2 foxes
  a kobold
  4 grid bugs
  3 lichens
  2 newts
16 creatures vanquished.

No species were genocided or became extinct.

Game over:
                       ----------
                      /          \
                     /    REST    \
                    /      IN      \
                   /     PEACE      \
                  /                  \
                  |    Calendula     |
                  |      14 Au       |
                  |   killed by a    |
                  |  water moccasin  |
                  |                  |
                  |                  |
                  |       2026       |
                 *|     *  *  *      | *
        _________)/\\_//(\/(/\)/\//\/|_)_______

Goodbye Calendula the Wizard...

You died in The Dungeons of Doom on dungeon level 2 with 261 points,
and 14 pieces of gold, after 794 moves.
You were level 3 with a maximum of 29 hit points when you died.

